 Dungeon Crawl Stone Soup version 0.31-a0-277-g31ea1f65cc (webtiles) character file.

Game seed: 11172560099717592286

85745 Chroloform the Warrior (level 15, -11/146 HPs)
             Began as a Minotaur Fighter on July 15, 2023.
             Was a High Priest of Okawaru.
             Mangled by a golden dragon simulacrum (21 damage)
             ... in an ice cave on July 16, 2023.
             The game lasted 01:12:11 (23462 turns).

Chroloform the Warrior (Minotaur Fighter)          Turns: 23462, Time: 01:12:11

Health: -11/146    AC: 24    Str: 27    XL:     15   Next: 38%
Magic:  14/14      EV: 10    Int:  5    God:    Okawaru [*****.]
Gold:   1031       SH: 10    Dex: 24    Spells: 14/14 levels left

rFire   + + .        a - +9 broad axe of Heschog {freeze, rPois rCorr Dex+3}
rCold   + . .        c - +0 buckler
rNeg    + . .        W - +7 scale mail "Uryocwy" {rF+ rC+ Will++}
rPois   +            k - +2 hat {Will+}
rElec   +            s - +0 cloak
rCorr   +            t - +0 pair of gloves
SInv    .            I - +3 pair of boots of the Eternal Fruit {+Blink Will+}
Will    +++++        C - amulet of the acrobat Stlth
                     Y - ring "Pufaots" {rF+ rCorr MP+9 Slay+3 Stlth-}
HPRegen 0.44/turn    Q - ring of Coraunwu {rElec rN+ MP-9 Dex+10}
MPRegen 0.14/turn

%: acrobat
@: no status effects
A: horns 2, retaliatory headbutt, deformed body
a: Renounce Religion, Evoke Blink, Heroism, Finesse, Duel


You were in an ice cave.
You worshipped Okawaru.
Okawaru was extremely pleased with you.
You visited 4 branches of the dungeon, and saw 22 of its levels.
You also visited: Sewer and Ice Cave.

You collected 1585 gold pieces.
You spent 554 gold pieces at shops.

Inventory:

Hand Weapons
 a - the +9 broad axe of Heschog (weapon) {freeze, rPois rCorr Dex+3}
   (Okawaru gifted it to you on level 5 of the Lair of Beasts)

   Dex:       It affects your dexterity (+3).
   rPois:     It protects you from poison.
   rCorr:     It protects you from acid and corrosion.
 b - a +5 eveningstar of holy wrath
Missiles
 m - 4 curare-tipped darts
 V - a silver javelin
Armour
 c - a +0 buckler (worn)
 k - a +2 hat of willpower (worn)
 s - a +0 cloak (worn)
 t - a +0 pair of gloves (worn)
 I - the +3 pair of boots of the Eternal Fruit (worn) {+Blink Will+}
   (Okawaru gifted it to you on level 5 of the Lair of Beasts)

   +Blink:    It lets you blink.
   Will:      It increases your willpower.
 W - the +7 scale mail "Uryocwy" (worn) {rF+ rC+ Will++}
   (Okawaru gifted it to you on level 3 of the Lair of Beasts)

   rF:        It protects you from fire.
   rC:        It protects you from cold.
   Will:      It greatly increases your willpower.
Jewellery
 C - an amulet of the acrobat (around neck)
 K - an amulet of guardian spirit
 Q - the ring of Coraunwu (right hand) {rElec rN+ MP-9 Dex+10}
   (You bought it in a shop on level 4 of the Dungeon)

   [ring of positive energy]

   Dex:       It affects your dexterity (+10).
   rElec:     It insulates you from electricity.
   rN:        It protects you from negative energy.
   MP:        It affects your magic capacity (-9).
 T - a ring of willpower
 Y - the ring "Pufaots" (left hand) {rF+ rCorr MP+9 Slay+3 Stlth-}
   (You found it on level 4 of the Lair of Beasts)

   [ring of protection from fire]

   Slay:      It affects your accuracy & damage with ranged weapons and melee
   (+3).
   rF:        It protects you from fire.
   MP:        It affects your magic capacity (+9).
   rCorr:     It protects you from acid and corrosion.
   Stlth:     It makes you less stealthy.
Wands
 g - a wand of flame (48)
 h - a wand of polymorph (4)
 r - a wand of quicksilver (10)
 x - a wand of roots (10)
 D - a wand of digging (6)
 F - a wand of paralysis (21)
 M - a wand of mindburst (9)
Scrolls
 e - a scroll of brand weapon
 f - 8 scrolls of teleportation {unknown}
 i - 3 scrolls of identify
 j - 5 scrolls of immolation
 o - a scroll of enchant weapon
 p - 2 scrolls of acquirement
 v - 2 scrolls of poison
 y - 4 scrolls of fog {unknown}
 z - 8 scrolls of enchant armour
 A - 3 scrolls of fear {unknown}
 B - 3 scrolls of blinking
 E - 8 scrolls of vulnerability
 G - 2 scrolls of silence
 L - 4 scrolls of torment {unknown}
 O - 2 scrolls of butterflies
 U - 2 scrolls of revelation
Potions
 d - 6 potions of might
 n - 2 potions of resistance
 u - a potion of invisibility {unknown}
 H - a potion of magic
 N - 2 potions of brilliance
 P - a potion of enlightenment {unknown}
 R - a potion of berserk rage
 S - 6 potions of attraction {unknown}
 X - 4 potions of ambrosia


   Skills:
 + Level 16.9 Fighting
 + Level 12.8(14.5) Axes
 - Level 11.3(13.8) Maces & Flails
 + Level 16.9 Armour
 + Level 16.9 Shields


You had 14 spell levels left.
You didn't know any spells.
Your spell library contained the following spells:

 Spells                   Type           Power      Damage    Failure   Level
 Magic Dart               Conj           0%         1d3       67%         1
 Cigotuvi's Dreadful Rot  Necr/Pois/Air  0%         N/A       82%         2
 Scorch                   Fire           0%         2d5       82%         2
 Searing Ray              Conj           0%         2d4       82%         2
 Ignite Poison            Fire/Tmut/Pois 0%         N/A       96%         3
 Mephitic Cloud           Conj/Pois/Air  0%         N/A       96%         3
 Vhi's Electric Charge    Tloc/Air       0%         N/A       96%         3
 Dispel Undead            Necr           0%         3d6       100%        4
 Flame Wave               Conj/Fire      0%         2d4       100%        4
 Fulminant Prism          Conj/Hex       0%         3d5       100%        4
 Sticky Flame             Conj/Fire      0%         2d3       100%        4
 Arcjolt                  Conj/Air       0%         1d10      100%        5
 Borgnjor's Vile Clutch   Necr/Erth      0%         N/A       100%        5
 Plasma Beam              Fire/Air       0%         2x1d10    100%        6
 Ignition                 Fire           0%         3d3       100%        8
 Call Imp                 Summ           Unusable   N/A       N/A         2
 Animate Dead             Necr           Unusable   N/A       N/A         4
 Death Channel            Necr           Unusable   N/A       N/A         6
 Summon Cactus Giant      Summ           Unusable   N/A       N/A         6

Dungeon Overview and Level Annotations

Branches:
Dungeon (15/15)            Temple (1/1) D:4            Lair (5/5) D:9
 Shoals (0/4) Lair:3       Spider (1/4) Lair:3        Slime (0/5) Lair:4
    Orc (0/2) D:11         Vaults (0/5) D:13          Sewer (visited)
  IceCv (1/1)
 Depths: D:15

Altars:
Ashenzari
Cheibriados
Dithmenos
Elyvilon
Fedhas
Gozag
Hepliaklqana
Kikubaaqudgha
Makhleb
Nemelex Xobeh
Okawaru
Qazlal
Ru
Sif Muna
Trog
Uskayaw
Vehumet
Wu Jian
Xom
Yredelemnul
Zin
The Shining One
Jiyva

Shops:
D:4 =*(

Annotations:
D:10 exclusion: 2 obsidian statues
D:15 exclusion: 2 ice statues


Innate Abilities, Weirdness & Mutations

You have a pair of horns on your head.
You reflexively headbutt those who attack you in melee.
Armour fits poorly on your strangely shaped body.


Message History

You block the anaconda simulacrum's attack.
The anaconda simulacrum bites you.
* * * LOW HITPOINT WARNING * * *
The anaconda simulacrum freezes you. You resist.
* * * LOW HITPOINT WARNING * * *
The dire elephant simulacrum tramples you but does no damage.
The dire elephant simulacrum trunk-slaps you but does no damage.
You take 11 damage, and have 7/146 hp.
You hit the dire elephant simulacrum but do no damage.
You headbutt the dire elephant simulacrum.
The dire elephant simulacrum is heavily damaged.
You slice the anaconda simulacrum!!
The anaconda simulacrum vaporises!
Okawaru accepts your kill.
MP restored: 14 You slice the dire elephant simulacrum!!
The dire elephant simulacrum vaporises!
Okawaru accepts your kill.
There is an ice choked empty arch of ancient stone here.
You hit the freezing wraith. You headbutt the freezing wraith.
The freezing wraith is moderately damaged.
The freezing wraith barely misses you. You furiously retaliate!
You headbutt the freezing wraith!!
The freezing wraith hits you but does no damage.
You slash the freezing wraith!
You headbutt the freezing wraith, but do no damage.
The freezing wraith is almost destroyed.
You slash the golden dragon simulacrum!
You block the freezing wraith's attack. x2
You cut the freezing wraith into ribbons!!!
You destroy the freezing wraith!
Okawaru accepts your kill.
You barely miss the golden dragon simulacrum.
The golden dragon simulacrum bites you but does no damage.
You block the golden dragon simulacrum's attack.
The golden dragon simulacrum tramples you but does no damage.
You slice the golden dragon simulacrum!!
You headbutt the golden dragon simulacrum.
The golden dragon simulacrum is heavily damaged.
The golden dragon simulacrum bites you!!
You die...

?.....$
.....
..... ...
... ##.##
##...##
##...Z.##
#...@...#
#.......#
#.......#
#...∩...#
#.......#
#########


You could see a golden dragon simulacrum.

Vanquished Creatures
  A sphinx (D:13)
  Nessos (Lair:4)
  A dire elephant (Lair:5)
  A yaktaur captain (D:13)
  Harold (D:9)
  A caustic shrike simulacrum (IceCv)
  8 vault guards (D:13)
  4 hydras
  2 catoblepae
  A radroach (Spider:1)
  3 two-headed ogres
  4 centaur warriors
  8 boulder beetles
  Erica (D:8)
  A deep troll shaman (Lair:5)
  A deep troll earth mage (D:13)
  6 death yaks (Lair:5)
  8 demonic crawlers (Spider:1)
  A skyshark (Lair:4)
  A pharaoh ant (Lair:3)
  An orb spider (Spider:1)
  A phantasmal warrior (D:13)
  2 harpies (Lair:3)
  A deep elf pyromancer (D:13)
  2 manticores
  5 cyclopes
  2 ugly things
  Maurice (D:11)
  7 elephants
  8 black mambas
  3 gargoyles
  11 cane toads
  2 unseen horrors
  2 torpor snails (Lair:2)
  3 rime drakes
  4 kobold demonologists
  An anaconda simulacrum (IceCv)
  A komodo dragon (Lair:5)
  2 efreet (D:14)
  2 freezing wraiths
  5 trolls
  A hornet (D:8)
  3 meliai (Spider:1)
  A polar bear (Lair:5)
  3 dream sheep (Lair:2)
  A tarantella (Spider:1)
  Grinder (D:6)
  7 blink frogs
  6 jumping spiders
  24 slime creatures
  3 culicivoras (Spider:1)
  A centaur simulacrum (D:14)
  4 wraiths
  3 shadows
  26 yaks
  2 vampires
  4 wyverns
  A dire elephant simulacrum (IceCv)
  A basilisk (Lair:1)
  12 redbacks
  3 steam dragons
  20 vampire mosquitoes
  Edmund (D:6)
  2 harpy simulacra (IceCv)
  A two-headed ogre zombie (D:11)
  3 acid dragons
  12 water moccasins
  An ettin simulacrum (IceCv)
  Pargi (Sewer)
  6 ice beasts
  An orc warrior (D:11)
  8 black bears
  An alligator simulacrum (IceCv)
  4 ogres
  2 centaurs
  3 boggarts (D:10)
  49 wolves
  5 phantoms
  Blork the orc (D:5)
  4 kobold brigands
  11 bullfrogs
  5 scorpions
  7 wights
  A troll zombie (D:11)
  A lindwurm simulacrum (IceCv)
  7 killer bees
  4 electric eels
  2 howler monkeys
  5 jellies (Lair:2)
  3 hounds
  6 orc priests
  3 gnoll boudas (D:8)
  4 iguanas
  2 sleepcaps
  8 orc wizards
  11 hell rats
  6 ogre zombies (D:11)
  7 gnolls (D:8)
  11 adders
  A river rat (D:6)
  2 shadow imps
  3 white imps
  3 ufetubi
  A dart slug (D:4)
  19 orcs
  6 bats
  24 endoplasms
  6 giant cockroaches
  6 goblins
  7 hobgoblins
  7 jackals (D:1)
  5 quokkas
  8 ball pythons
  5 frilled lizards
  2 goblin skeletons (D:11)
  2 goblin zombies (D:11)
  A hobgoblin skeleton (D:11)
  4 hobgoblin zombies (D:11)
  10 kobolds
  5 orc skeletons (D:11)
  11 orc zombies (D:11)
  4 rats
599 creatures vanquished.

Notes
Turn   | Place    | Note
-------+----------+-------------------------------------------
     0 | D:1      | Chroloform the Minotaur Fighter began the quest for the
                  | Orb.
     0 | D:1      | Reached XP level 1. HP: 19/19 MP: 0/0
   170 | D:1      | Reached XP level 2. HP: 27/27 MP: 1/1
   435 | D:1      | Reached XP level 3. HP: 33/33 MP: 2/2
  1262 | D:3      | Reached XP level 4. HP: 41/41 MP: 3/3
  1273 | D:3      | Found a hide-covered altar of Uskayaw.
  1668 | D:3      | Found a sparkling altar of Nemelex Xobeh.
  1747 | D:3      | Found a faded altar of an unknown god.
  1788 | D:3      | Reached XP level 5. HP: 47/47 MP: 4/4
  1873 | D:4      | Found a shimmering altar of Xom.
  1875 | D:4      | Found a shimmering altar of Xom.
  1876 | D:4      | Found a shimmering altar of Xom.
  1876 | D:4      | Found a shimmering altar of Xom.
  1877 | D:4      | Found a shimmering altar of Xom.
  1928 | D:4      | Found a staircase to the Ecumenical Temple.
  1933 | Temple   | Entered the Ecumenical Temple
  1949 | Temple   | Became a worshipper of Warmaster Okawaru
  2005 | D:4      | Found Biosedoups's Jewellery Boutique.
  2050 | D:4      | Found an ornate altar of the Wu Jian Council.
  2096 | D:4      | Found Ixaety's General Store.
  2100 | D:4      | Bought a +0 cloak for 49 gold pieces
  2200 | D:4      | Found a blossoming altar of Fedhas.
  2203 | D:4      | Noticed a black bear
  2221 | D:4      | Killed a black bear
  2222 | D:4      | Reached skill level 5 in Fighting
  2222 | D:4      | Reached skill level 5 in Armour
  2222 | D:4      | Reached skill level 5 in Shields
  2336 | D:4      | Reached * piety under Okawaru
  2337 | D:4      | Reached XP level 6. HP: 51/56 MP: 5/5
  2393 | D:4      | Found a white marble altar of Elyvilon.
  2536 | D:4      | Found Lurraykh's Antique Weapon Shoppe.
  2757 | D:5      | Entered Level 5 of the Dungeon
  2953 | D:5      | Identified the +3 pair of boots of Irksome Surprise {Int+3
                  | Dex+4}
  3082 | D:5      | Reached skill level 5 in Axes
  3083 | D:5      | Reached XP level 7. HP: 62/62 MP: 6/6
  3170 | D:5      | Noticed Blork the orc
  3171 | D:5      | Reached ** piety under Okawaru
  3179 | D:5      | Killed Blork the orc
  3243 | D:5      | Reached XP level 8. HP: 51/71 MP: 4/7
  3860 | D:6      | Noticed Grinder
  3865 | D:6      | Paralysed by Grinder for 2 turns
  3876 | D:6      | Killed Grinder
  3927 | D:6      | Reached *** piety under Okawaru
  3974 | D:6      | Identified the +4 flail "Tyite" {freeze, Str+5 Int+3}
  4041 | D:6      | Found a glowing drain.
  4045 | Sewer    | Entered a sewer
  4071 | Sewer    | Noticed Pargi
  4078 | Sewer    | Killed Pargi
  4079 | Sewer    | Reached XP level 9. HP: 71/81 MP: 8/8
  4380 | D:6      | Reached skill level 1 in Maces & Flails
  4385 | D:6      | Identified the ring of Jaqesywne {Contam Fly rElec Dex+4
                  | Stlth+}
  4417 | D:6      | Identified the +2 robe of the Present {Harm Rampage rF-
                  | rC++}
  4557 | D:6      | Noticed Edmund
  4570 | D:6      | Killed Edmund
  4948 | D:7      | Found a radiant altar of Vehumet.
  5024 | D:7      | Reached **** piety under Okawaru
  6077 | D:8      | Found a bloodstained altar of Trog.
  6134 | D:8      | Reached XP level 10. HP: 80/91 MP: 9/9
  6460 | D:8      | Reached skill level 5 in Maces & Flails
  6491 | D:8      | Noticed Erica
  6498 | D:8      | Killed Erica
  6811 | D:8      | Found a glowing golden altar of the Shining One.
  6996 | D:8      | Reached skill level 10 in Fighting
  7002 | D:9      | Noticed Harold
  7002 | D:9      | Noticed a two-headed ogre
  7007 | D:8      | Killed a two-headed ogre
  7008 | D:8      | Reached skill level 10 in Armour
  7008 | D:8      | Reached skill level 10 in Shields
  7041 | D:9      | Killed Harold
  7041 | D:9      | Reached ***** piety under Okawaru
  7257 | D:9      | Found a staircase to the Lair.
  7856 | D:9      | Found an opulent altar of Gozag.
  7857 | D:9      | Found a hazy altar of Hepliaklqana.
  8382 | D:10     | Entered Level 10 of the Dungeon
  8382 | D:10     | Noticed a two-headed ogre
  8525 | Lair:1   | Entered Level 1 of the Lair of Beasts
  8626 | Lair:1   | Reached XP level 11. HP: 95/101 MP: 10/10
  8910 | Lair:1   | Received a gift from Okawaru
 10849 | Lair:3   | Received a gift from Okawaru
 10955 | Lair:3   | Found a hole to the Spider Nest.
 10959 | Lair:3   | Reached XP level 12. HP: 102/113 MP: 11/11
 10978 | Lair:3   | Reached ****** piety under Okawaru
 11049 | Lair:3   | Identified the +7 scale mail "Uryocwy" {rF+ rC+ Will++}
                  | (Okawaru gifted it to you on level 3 of the Lair of Beasts)
 11049 | Lair:3   | Received a gift from Okawaru
 11113 | Lair:3   | Found a staircase to the Shoals.
 11155 | Lair:3   | Noticed a catoblepas
 11158 | Lair:3   | Reached skill level 10 in Maces & Flails
 11178 | Lair:3   | Killed a catoblepas
 11962 | Lair:4   | Identified the ring "Pufaots" {rF+ rCorr MP+9 Slay+3
                  | Stlth-}
 12005 | Lair:4   | Noticed a boulder beetle
 12046 | Lair:4   | HP: 1/171 [boulder beetle (26)]
 12055 | Lair:4   | Killed a boulder beetle
 12313 | Lair:4   | Found a viscous altar of Jiyva.
 12313 | Lair:4   | Found a staircase to the Slime Pits.
 12340 | Lair:4   | Noticed Nessos
 12351 | Lair:4   | Killed Nessos
 13407 | Lair:5   | Entered Level 5 of the Lair of Beasts
 13475 | Lair:5   | Noticed a boulder beetle
 13498 | Lair:5   | Killed a boulder beetle
 13614 | Lair:5   | Reached XP level 13. HP: 123/123 MP: 12/12
 13617 | Lair:5   | Identified the +9 broad axe of Heschog {freeze, rPois rCorr
                  | Dex+3} (Okawaru gifted it to you on level 5 of the Lair of
                  | Beasts)
 13617 | Lair:5   | Received a gift from Okawaru
 14006 | D:4      | Bought the ring of Coraunwu {rElec rN+ MP-9 Dex+10} for 505
                  | gold pieces
 14966 | Lair:5   | Identified the +3 pair of boots of the Eternal Fruit
                  | {+Blink Will+} (Okawaru gifted it to you on level 5 of the
                  | Lair of Beasts)
 14966 | Lair:5   | Received a gift from Okawaru
 15296 | Lair:5   | Noticed a dire elephant
 15308 | Lair:5   | Killed a dire elephant
 15384 | Lair:5   | Identified a scroll of acquirement
 15602 | Spider:1 | Entered Level 1 of the Spider Nest
 16096 | Spider:1 | Received a gift from Okawaru
 16123 | Spider:1 | Reached skill level 15 in Fighting
 16142 | Spider:1 | Reached skill level 15 in Armour
 16142 | Spider:1 | Reached skill level 15 in Shields
 16145 | Spider:1 | Reached skill level 10 in Axes
 16202 | Spider:1 | Reached XP level 14. HP: 101/135 MP: 13/13
 17619 | D:10     | Received a gift from Okawaru
 17947 | D:10     | Gained mutation: Armour fits poorly on your strangely
                  | shaped body. [a neqoxec]
 18789 | D:11     | Noticed Maurice
 18797 | D:11     | Killed Maurice
 18835 | D:11     | Found a staircase to the Orcish Mines.
 20451 | D:13     | Identified the +7 broad axe of Valiance {protect, Will+
                  | Dex+4} (Okawaru gifted it to you on level 13 of the
                  | Dungeon)
 20451 | D:13     | Received a gift from Okawaru
 20489 | D:13     | Found a gate to the Vaults.
 20846 | D:13     | Received a gift from Okawaru
 20975 | D:13     | Noticed a sphinx
 20985 | D:13     | Killed a sphinx
 21105 | D:13     | Reached XP level 15. HP: 145/145 MP: 14/14
 21873 | D:13     | Received a gift from Okawaru
 22215 | D:13     | Upgraded the game from 0.31-a0-271-gb88eb75e06 to
                  | 0.31-a0-277-g31ea1f65cc
 22432 | D:14     | Found a shimmering blue altar of Sif Muna.
 22755 | D:14     | Found a burning altar of Makhleb.
 23381 | D:15     | Entered Level 15 of the Dungeon
 23431 | D:15     | Found a frozen archway.
 23440 | IceCv    | Entered an ice cave
 23455 | IceCv    | HP: 7/146 [anaconda simulacrum (5)]
 23462 | IceCv    | Mangled by a golden dragon simulacrum

Illustrated notes

Levels and vault maps discovered:
D:1:      evilmike_arrival_hilbert_curve, layout_basic,
          hangedman_abyss_or_decor_lesser_grid
D:2:      layout_basic
D:3:      layout_rooms, nemelex_dance_club_becter, nicolae_uskayaw_dance_hall,
          shapermc_ecumenical_altar_hornbeckon
D:4:      layout_basic, fedhas_ov_isle_minmay, nicolae_wu_jian_glorious_leap,
          elyvilon_altar_1, xom_redecorated, minmay_temple_entry_arrows,
          serial_shops, shop, nicolae_shop_crystal, nicolae_shop_peninsula,
          nicolae_figureground_pulse
D:5:      minmay_chambers_of_threes, layout_loops_cross, uniq_blork_the_orc
D:6:      layout_cave_pools, gup_sewer_entry_spiral, nicolae_the_louvre,
          uniq_edmund, uniq_grinder
D:7:      layout_gridville, mainiacjoe_overflow_tiny_flanked,
          nicolae_lava_and_water
D:8:      layout_basic, tso_altar, bloody_trog, minmay_between, uniq_erica
D:9:      layout_layer_cave, minitemple, lair_entry_dummy, uniq_harold
D:10:     layout_roguey, david_greed
D:11:     layout_small_grid, zombieorc2_lemuel, uniq_maurice
D:12:     layout_roguey
D:13:     minmay_polygon_palace, layout_cave_pools, erik_vaults_2,
          minmay_diamond_spiral
D:14:     layout_irregular_city, nicolae_sif_muna_condensation,
          makhleb_altar_promises_db
D:15:     gammafunk_enter_depths_forms, layout_cave_pools,
          portal_ice_cave_entry_ice_statue_two
Temple:   minmay_freezing_vapour_temple
Lair:1:   layout_regular_city, minmay_stone_trees_small, serial_bayou_shore_b
Lair:2:   lemuel_slime, layout_small_grid, beast_lair_carwin_7
Lair:3:   layout_cave_pods, nicolae_shoals_entry_roost,
          nicolae_spider_entry_lesser_pyramids, small_statue_intersection
Lair:4:   layout_layer_cave, slime_entry_1, serial_bayou_shore_b,
          infiniplex_staircase_pool, serial_bayou_shore_b, uniq_nessos
Lair:5:   grunt_lair_end_beastmaster, layout_long_grid, serial_bayou_shore_a,
          grunt_megastairs_4
Spider:1: layout_spider_delve, einodemon_crawler_minivault
IceCv:    ice_cave_statue_garden_chambered

Skill      XL: |  1  2  3  4  5  6  7  8  9 10 11 12 13 14 |
---------------+-------------------------------------------+-----
Fighting       | 4 5 6 8 9 10 12 13 15 16 | 16.9
Armour         | 4 5 6 8 9 10 12 13 15 16 | 16.9
Shields        | 4 5 6 7 9 10 12 13 15 16 | 16.9
Axes           | 3 4 5 6 7 10 12 | 12.8
Maces & Flails | 4 7 9 11 | 11.3

Action                     |  1- 3 |  4- 6 |  7- 9 | 10-12 | 13-15 || total
---------------------------+-------+-------+-------+-------+-------++-------
  Melee: War axe           |    70 |    76 |   118 |       |       ||   264
         Headbutt          |     9 |     9 |    46 |    98 |   172 ||   334
         Flail             |       |       |   115 |   426 |    23 ||   564
         Broad axe         |       |       |       |       |   627 ||   627
 Invoke: Heroism           |       |       |     3 |     8 |     5 ||    16
         Finesse           |       |       |       |     2 |     3 ||     5
  Evoke: Wand              |       |       |       |     2 |       ||     2
    Use: Potion            |       |     1 |       |     3 |     7 ||    11
         Scroll            |       |       |    11 |     7 |     4 ||    22
 Armour: Scale mail        |    18 |    39 |    85 |    69 |   373 ||   584
         Plate armour      |       |       |       |   165 |       ||   165
         Skin              |       |       |       |     4 |       ||     4
  Dodge: Dodged            |    37 |    31 |   118 |   220 |   322 ||   728
  Block: Buckler           |    22 |    16 |    63 |   168 |   324 ||   593

Table legend: (Time is in decaauts)
 A = Elapsed time spent in this place.
 B = Non-inter-level travel time spent in this place.
 C = Inter-level travel time spent in this place.
 D = Time resting spent in this place.
 E = Time spent auto-exploring this place.
 F = Levels seen in this place.
 G = Mean time per level.
                   A        B        C        D        E       F      G
               +--------+--------+--------+--------+--------+-----+--------+
         Total |  23613 |  21242 |   2371 |   2755 |  14832 |  24 |  983.9 |
       Dungeon |  14666 |  12998 |   1668 |   1493 |   9198 |  15 |  977.7 |
        Temple |     32 |     13 |     19 |      0 |     10 |   1 |   32.0 |
          Lair |   6897 |   6329 |    568 |    666 |   4668 |   5 | 1379.4 |
   Spider Nest |   1760 |   1645 |    115 |    596 |    814 |   1 | 1760.0 |
         Sewer |    237 |    237 |      0 |      0 |    142 |   1 |  237.0 |
      Ice Cave |     18 |     18 |      0 |      0 |      0 |   1 |   18.0 |
               +--------+--------+--------+--------+--------+-----+--------+

Top non-repeatable levels by time:
    D:13: 1865 daAuts
Spider:1: 1760 daAuts
  Lair:5: 1706 daAuts
  Lair:4: 1661 daAuts
     D:9: 1591 daAuts
    D:10: 1310 daAuts
  Lair:2: 1263 daAuts
  Lair:3: 1232 daAuts
     D:8: 1209 daAuts
     D:5: 1155 daAuts
     D:6: 1101 daAuts
     D:7: 1077 daAuts
  Lair:1: 1034 daAuts
     D:4: 957 daAuts
    D:12: 874 daAuts
